 Dungeon Crawl Stone Soup version 0.30-a0-778-g2ef04afb54 (webtiles) character file.

Game seed: 6367981422703530509

526500 mopl the Worldbinder (level 25, 0/194 HPs)
             Began as a Merfolk Summoner on Feb 15, 2023.
             Was a High Priest of Sif Muna.
             Killed from afar by a titan (53 damage)
             ... with a bolt of lightning
             ... on level 5 of the Vaults on Feb 16, 2023.
             The game lasted 04:04:14 (65867 turns).

mopl the Worldbinder (Merfolk Summoner)            Turns: 65867, Time: 04:04:14

Health: 0/194      AC: 21    Str: 15    XL:     25   Next: 48%
Magic:  17/46      EV: 21    Int: 31    God:    Sif Muna [*****.]
Gold:   5604       SH: 16    Dex: 17    Spells: 0/62 levels left

rFire   + . .      SeeInvis +    a - +6 demon trident (vamp)
rCold   + + .      Faith    .    s - +2 kite shield {reflect}
rNeg    + . .      Spirit   .    c - +4 faerie dragon scales {Regen+ rCorr}
rPois   .          Reflect  +    m - +0 helmet "Rourol" {Will+ Int+3}
rElec   .          Harm     .    r - scarf {rC+ rF+}
rCorr   +          Rampage  .    R - +3 pair of gauntlets of War {Slay+5}
Will    +++..                    y - +3 pair of mountain boots {steadfast, rC+}
Stlth   ++                       M - amulet of regeneration
HPRegen 2.12/turn                u - ring of Midnight {Slay+4 SInv}
MPRegen 0.30/turn                p - ring of Zunus {rN+ Will+ Int+6 Dex+3}

@: mighty, brilliant, calling dragons, hasted, studying 3 skills, very quick
A: (nimble swimmer 2), mertail, sense surroundings 1, strong 1
}: 3/15 runes: serpentine, barnacled, slimy
a: Renounce Religion, Channel Magic, Forget Spell, Divine Exegesis


You were on level 5 of the Vaults.
You worshipped Sif Muna.
Sif Muna was extremely pleased with you.
You visited 10 branches of the dungeon, and saw 48 of its levels.
You visited the Abyss 1 time.
You also visited: Sewer, Bailey and Ice Cave.

You collected 9162 gold pieces.
You spent 3558 gold pieces at shops.

Inventory:

Hand Weapons
 a - a +6 vampiric demon trident (weapon)
 b - a +2 demon trident of electrocution
Missiles
 T - 2 javelins
 U - 5 curare-tipped darts
 X - 11 throwing nets
 Z - 14 boomerangs of dispersal
Armour
 c - the +4 faerie dragon scales (worn) {Regen+ rCorr}
   (You took it off the Enchantress on level 4 of the Depths)

   Regen:     It increases your rate of health regeneration.
   rCorr:     It protects you from acid and corrosion.
 m - the +0 helmet "Rourol" (worn) {Will+ Int+3}
   (You found it in an ice cave)

   Int:       It affects your intelligence (+3).
   Will:      It increases your willpower.
 r - a scarf of resistance (worn)
 s - a +2 kite shield of reflection (worn)
 y - the +3 pair of mountain boots (worn) {steadfast, rC+}
   (You found it on level 3 of the Elven Halls)

   Steadfast: It prevents involuntary movement, except for blinking,
   teleportation, or banishment.
   rC:        It protects you from cold.
 R - the +3 pair of gauntlets of War (worn) {Slay+5}
   (You bought it in a shop on level 2 of the Snake Pit)

   Slay:      It affects your accuracy & damage with ranged weapons and melee
   (+5).
Jewellery
 p - the ring of Zunus (right hand) {rN+ Will+ Int+6 Dex+3}
   (You took it off a deep elf death mage on level 3 of the Elven Halls)

   [ring of intelligence]

   Int:       It affects your intelligence (+6).
   Dex:       It affects your dexterity (+3).
   rN:        It protects you from negative energy.
   Will:      It increases your willpower.
 u - the ring of Midnight (left hand) {Slay+4 SInv}
   (You found it on level 15 of the Dungeon)

   [ring of slaying]

   Slay:      It affects your accuracy & damage with ranged weapons and melee
   (+4).
   SInv:      It lets you see invisible.
 C - the ring "Naavur" {rElec rC+ rCorr Dex-2}
   (You bought it in a shop on level 5 of the Dungeon)

   [ring of resist corrosion]

   Dex:       It affects your dexterity (-2).
   rC:        It protects you from cold.
   rElec:     It insulates you from electricity.
   rCorr:     It protects you from acid and corrosion.
 M - an amulet of regeneration (around neck)
 P - a ring of poison resistance
Wands
 h - a wand of polymorph (16)
 z - a wand of digging (24)
 F - a wand of mindburst (63)
 G - a wand of acid (27)
 N - a wand of iceblast (20)
 Y - a wand of paralysis (37)
Scrolls
 e - 9 scrolls of vulnerability
 i - 13 scrolls of fog
 j - 12 scrolls of magic mapping
 k - 20 scrolls of poison
 n - 2 scrolls of silence {!r}
 t - 7 scrolls of butterflies
 x - 12 scrolls of fear
 J - 11 scrolls of teleportation
 V - 2 scrolls of blinking
Potions
 f - 4 potions of berserk rage {!q}
 g - 28 potions of curing
 l - 8 potions of heal wounds
 o - 6 potions of cancellation
 w - 4 potions of magic
 A - 10 potions of ambrosia
 B - 7 potions of lignification {!q}
 D - 6 potions of might
 K - 7 potions of invisibility
 L - 9 potions of resistance
 O - 5 potions of brilliance
 Q - 6 potions of flight
 W - 7 potions of haste
Miscellaneous
 d - a box of beasts
 q - a lightning rod (4/4)
 v - a phantom mirror
 E - a condenser vane
 I - a phial of floods


   Skills:
 - Level 15.0 Fighting
 - Level 14.0 Polearms
 + Level 6.6 Armour
 + Level 18.2 Dodging
 - Level 2.1 Stealth
 - Level 15.0 Shields
 * Level 19.2 Spellcasting
 - Level 5.0 Hexes
 * Level 23.8 Summonings
 - Level 10.0 Translocations
 - Level 3.0 Ice Magic
 - Level 3.0 Air Magic
 - Level 12.0 Invocations
 + Level 11.9 Evocations


You couldn't memorise any spells.
You knew the following spells:

 Your Spells              Type           Power      Damage    Failure   Level
a - Summon Cactus Giant   Summ           66%        N/A       1%          6
b - Monstrous Menagerie   Summ           66%        N/A       1%          7
c - Call Canine Familiar  Summ           100%       N/A       0%          3
d - Summon Ice Beast      Ice/Summ       100%       N/A       1%          4
e - Blink                 Tloc           100%       N/A       1%          2
f - Summon Lightning Spi  Summ/Air       100%       N/A       1%          4
g - Summon Guardian Gole  Hex/Summ       100%       N/A       1%          3
h - Summon Hydra          Summ           66%        N/A       1%          7
i - Summon Forest         Summ/Tloc      58%        N/A       1%          5
j - Malign Gateway        Summ/Tloc      58%        N/A       2%          7
k - Dragon's Call         Summ           66%        N/A       17%         9
v - Summon Mana Viper     Hex/Summ       100%       N/A       1%          5

Your spell library contained the following spells:

 Spells                   Type           Power      Damage    Failure   Level
 Summon Small Mammal      Summ           100%       N/A       0%          1
 Call Imp                 Summ           100%       N/A       0%          2
 Apportation              Tloc           100%       N/A       1%          1
 Freeze                   Ice            100%       1d10      1%          1
 Slow                     Hex            100%       N/A       1%          1
 Ensorcelled Hibernation  Hex/Ice        100%       N/A       1%          2
 Lesser Beckoning         Tloc           100%       N/A       1%          2
 Momentum Strike          Conj/Tloc      100%       3d10      1%          2
 Confusing Touch          Hex            74%        N/A       1%          3
 Gell's Gravitas          Tloc           95%        N/A       1%          3
 Kindle Blastsparks       Fire/Tloc/Air  100%       2d18      1%          3
 Portal Projectile        Hex/Tloc       100%       N/A       1%          3
 Teleport Other           Tloc           95%        N/A       1%          3
 Tukima's Dance           Hex            74%        N/A       1%          3
 Vhi's Electric Charge    Tloc/Air       100%       N/A       1%          3
 Animate Armour           Summ/Erth      100%       N/A       1%          4
 Manifold Assault         Tloc           95%        N/A       1%          4
 Passage of Golubria      Tloc           95%        N/A       1%          4
 Summon Horrible Things   Summ           66%        N/A       1%          8
 Poisonous Vapours        Pois/Air       100%       N/A       2%          2
 Static Discharge         Conj/Air       100%       2-7/arc   2%          2
 Frozen Ramparts          Ice            100%       1d16      2%          3
 Ozocubu's Armour         Ice            64%        N/A       2%          3
 Swiftness                Air            64%        N/A       2%          3
 Beastly Appendage        Tmut           88%        N/A       3%          1
 Foxfire                  Conj/Fire      100%       2x1d9     3%          1
 Kiss of Death            Conj/Necr      100%       2d13      3%          1
 Magic Dart               Conj           100%       1d8       3%          1
 Necrotise                Necr           100%       1d9       3%          1
 Sandblast                Erth           88%        2d18      3%          1
 Sting                    Tmut/Pois      100%       1d8       3%          1
 Cigotuvi's Dreadful Rot  Necr/Pois/Air  100%       N/A       3%          2
 Dazzling Flash           Conj/Hex       100%       N/A       3%          3
 Inner Flame              Hex/Fire       61%        N/A       3%          3
 Cause Fear               Hex            37%        N/A       3%          4
 Iskenderun's Mystic Bla  Conj/Tloc      74%        2d15      3%          4
 Passwall                 Tmut/Erth      36%        N/A       4%          2
 Scorch                   Fire           88%        2d9       4%          2
 Sublimation of Blood     Necr           44%        N/A       4%          2
 Wereblood                Tmut           44%        N/A       4%          2
 Hailstorm                Conj/Ice       56%        3d12      4%          3
 Mephitic Cloud           Conj/Pois/Air  52%        N/A       6%          3
 Dispersal                Tloc           47%        N/A       8%          6
 Ignite Poison            Fire/Tmut/Pois 44%        N/A       9%          3
 Spider Form              Tmut/Pois      44%        N/A       9%          3
 Stone Arrow              Conj/Erth      88%        3d12      9%          3
 Vampiric Draining        Necr           44%        2d9       9%          3
 Airstrike                Air            32%        2d(5-21)  9%          4
 Anguish                  Hex/Necr       30%        N/A       11%         4
 Fulminant Prism          Conj/Hex       30%        3d16      11%         4
 Leda's Liquefaction      Hex/Erth       30%        N/A       11%         4
 Ice Form                 Ice/Tmut       56%        N/A       16%         4
 Metabolic Englaciation   Hex/Ice        35%        N/A       16%         5
 Silence                  Hex/Air        35%        N/A       16%         5
 Haunt                    Necr/Summ      51%        N/A       19%         7
 Spellforged Servitor     Conj/Summ      51%        N/A       19%         7
 Animate Dead             Necr           44%        N/A       30%         4
 Dispel Undead            Necr           44%        3d17      30%         4
 Flame Wave               Conj/Fire      44%        2d11      30%         4
 Olgreb's Toxic Radiance  Pois           44%        N/A       30%         4
 Petrify                  Tmut/Erth      44%        N/A       30%         4
 Sticky Flame             Conj/Fire      44%        2d6       30%         4
 Yara's Violent Unravell  Hex/Tmut       30%        3d13      30%         5
 Freezing Cloud           Conj/Ice/Air   29%        6-21      36%         5
 Arcjolt                  Conj/Air       28%        1d38      41%         5
 Lightning Bolt           Conj/Air       28%        1d44      41%         5
 Agony                    Necr           44%        N/A       63%         5
 Alistair's Intoxication  Tmut/Pois      29%        N/A       63%         5
 Borgnjor's Vile Clutch   Necr/Erth      22%        N/A       63%         5
 Fireball                 Conj/Fire      22%        3d10      63%         5
 Irradiate                Conj/Tmut      22%        3d19      63%         5
 Iskenderun's Battlesphe  Conj           44%        2d10      63%         5
 Lee's Rapid Deconstruct  Erth           22%        3d12*     63%         5
 Conjure Ball Lightning   Conj/Air       28%        3x3d8     94%         6
 Simulacrum               Ice/Necr       28%        N/A       94%         6
 Enfeeble                 Hex            37%        N/A       97%         7
 Disjunction              Tloc           47%        N/A       97%         8
 Death Channel            Necr           22%        N/A       99%         6
 Eringya's Noxious Bog    Tmut/Pois      22%        N/A       99%         6
 Iron Shot                Conj/Erth      22%        9d5       99%         6
 Starburst                Conj/Fire      22%        6d7       99%         6
 Statue Form              Tmut/Erth      29%        N/A       99%         6
 Dragon Form              Tmut           22%        N/A       100%        7
 Storm Form               Tmut/Air       28%        N/A       100%        7
 Borgnjor's Revivificati  Necr           22%        N/A       100%        8
 Lehudib's Crystal Spear  Conj/Erth      22%        10d6      100%        8
 Maxwell's Capacitive Co  Air            32%        ∞         100%        8
 Necromutation            Tmut/Necr      22%        N/A       100%        8
 Death's Door             Necr           22%        N/A       100%        9
 Polar Vortex             Ice            32%        N/A       100%        9


Dungeon Overview and Level Annotations

Branches:
Dungeon (15/15)            Temple (1/1) D:7            Lair (5/5) D:11
 Shoals (4/4) Lair:2        Snake (4/4) Lair:3        Slime (5/5) Lair:5
    Orc (2/2) D:11            Elf (3/3) Orc:2        Vaults (5/5) D:13
  Crypt (0/3) Vaults:3     Depths (4/4) D:15            Zot (0/5) Depths:4
  Sewer (visited)          Bailey (visited)           IceCv (visited)

Altars:
Ashenzari
Cheibriados
Dithmenos
Elyvilon
Fedhas
Hepliaklqana
Kikubaaqudgha
Makhleb
Nemelex Xobeh
Okawaru
Qazlal
Ru
Sif Muna
Trog
Uskayaw
Vehumet
Wu Jian
Xom
Zin
The Shining One
Jiyva
Lugonu

Shops:
D:5 [!*?   D:7 ==   D:15 *   Orc:2 ?*[:   Snake:2 *[   Vaults:3 (   Depths:1 *(
Depths:2 [   Depths:4 :=:

Portals:
Hell: Depths:1 Depths:2 Depths:3 Depths:4
Abyss: Depths:1 Depths:3 Depths:4
Pandemonium: Orc:2 Depths:2
Ziggurat: Depths:2

Annotations:
Lair:3 3 runed translucent doors, Huaprist's ghost, journeyman DEIE
Snake:1 2 transporters, rlgrobin's ghost, journeyman MeFi
Depths:2 FDA


Innate Abilities, Weirdness & Mutations

((You are very nimble when in or above water. (Stealth+, EV+, Speed+++)))
Your lower body shifts to a powerful aquatic tail in water.
You passively map a small area around you.
Your muscles are strong. (Str +4, Int/Dex -1)


Message History

Aim: a vault guard, wielding a +0 halberd and wearing a +0 chain mail (heavily wounded, ally target, about 23% to evade your +6 vampiric demon trident)
You reach to attack!
You puncture the vault guard!
You feel better.
The vault guard is almost dead.
A dragon arrives to answer your call!
Your six-headed hydra disappears in a puff of smoke!
The swamp worm changes into a slime creature!
The red very ugly thing is struck by your cactus giant's spines.
The red very ugly thing tentacle-slaps your cactus giant.
The fire giant gestures at you while chanting.
The bolt of fire hits your sphinx!!! The bolt of fire hits you! You resist.
* * * LOW HITPOINT WARNING * * *
The vault guard hits you but does no damage.
Your golden dragon bites the vault guard but does no damage.
Your golden dragon completely misses the vault guard.
Your golden dragon tramples the vault guard!
The vault guard stumbles backwards!
The vault guard dies!
Sif Muna accepts your kill.
Your shadow dragon bites the vault guard!
The vault guard dies!
Sif Muna accepts your kill.
An ironbound preserver comes into view. It is wielding a +0 great mace.
Your quicksilver dragon bites the phantasmal warrior!!
Your quicksilver dragon claws the phantasmal warrior!!
The deep elf sorcerer completely misses your sphinx.
Your golden dragon breathes fire at the titan.
The bolt of fire hits the titan!!
Your quicksilver dragon breathes dispelling energy at the phantasmal warrior.
The bolt of dispelling energy hits the phantasmal warrior!
The phantasmal warrior is destroyed!
Sif Muna accepts your kill.
The red very ugly thing is struck by your cactus giant's spines.
The red very ugly thing tentacle-slaps your cactus giant!!
Your cactus giant is covered in liquid flames.
Your cactus giant is covered in liquid flames!
The titan points at you and mumbles some strange words.
The bolt of lightning hits your golden dragon!
Your golden dragon resists.
The bolt of lightning hits you!!!
You die...

* #.. , . #... ..
..,#....# ,... * , *
, * ,
...#....#####W...* ,
...#....#..)....e, ,
..............u.. *
##...D).)u##########*
*
......D).DC.........
, ,
.....<<.)).)@....J..
,
....<..G§D..........
.....<<)CDHH........
, *
##....L.Ce##########
** * .........p.. ,
...#....#.... ,, ..
#....#..### , * * #
#....#..# * #....#..#
, ,


You could see an ironbound preserver, a titan (ally target), an ancient lich, a
red very ugly thing (ally target), a fire giant (ally target), a great orb of
eyes (ally target), a deep elf sorcerer (fast, ally target), a slime creature
shaped shifter, a friendly shadow dragon (summoned), 3 friendly golden dragons,
a friendly quicksilver dragon (summoned, catching breath), a friendly sphinx
(summoned), a friendly manticore (summoned) and a friendly cactus giant
(summoned, burning).

Vanquished Creatures
  the Royal Jelly (Slime:5)
  Boris (Depths:4)
  A golden dragon (Depths:4)
  Nikola (Shoals:2)
  A doom hound (Depths:4)
  A walking frostbound tome (Depths:2)
  A lich (Depths:4)
  6 acid blobs
  2 deep elf blademasters (Elf:3)
  A deep elf master archer (Elf:3)
  An ancient champion (Depths:1)
  A nagaraja (Snake:2)
  A shadow dragon (Depths:4)
  4 azure jellies
  6 fire giants
  2 rockslimes
  5 frost giants
  An iron dragon (Depths:2)
  A ghost moth (Vaults:4)
  A vault warden (Vaults:2)
  A draconian annihilator (Depths:4)
  A caustic shrike skeleton (Depths:3)
  5 quicksilver oozes (Slime:5)
  2 spriggan defenders
  5 ironbound preservers
  A juggernaut skeleton (Depths:3)
  9 stone giants
  2 very ugly things (Depths:3)
  A war gargoyle (Vaults:2)
  An ironbound thunderhulk (Vaults:4)
  2 vampire knights (Depths:2)
  A deep elf demonologist (Elf:3)
  Nessos (D:15)
  3 black draconians (Depths:4)
  2 white draconians
  2 dire elephants (Vaults:1)
  A red draconian (Depths:4)
  8 spark wasps
  5 ettins
  A jiangshi (Vaults:3)
  4 merfolk javelineers
  4 fire dragons
  A merfolk impaler (Shoals:3)
  6 great orbs of eyes
  A yaktaur captain (Vaults:4)
  A deep elf high priest (Elf:3)
  11 vault guards
  2 spriggan zombies
  6 ice dragons
  2 peacekeepers
  A hell beast (Depths:1)
  A spriggan air mage (Depths:4)
  3 centaur warriors
  A merfolk avatar (Shoals:4)
  An anaconda (Snake:2)
  3 merfolk aquamancers
  5 ironbound frosthearts
  A catoblepas (D:14)
  4 dancing weapons
  A boulder beetle (D:12)
  7 deep troll earth magi
  7 deep troll shamans
  3 tengu warriors
  2 two-headed ogres (D:11)
  5 naga warriors
  A spriggan berserker (Depths:2)
  4 orc high priests (Orc:2)
  A vampire mage (Depths:3)
  A naga sharpshooter (Snake:4)
  3 shock serpents
  A hell knight (Depths:3)
  Nergalle (Lair:2)
  4 deep elf knights
  A soul eater (Vaults:3)
  A wretched star (Abyss:2)
  7 iron trolls
  3 sea snakes
  38 deep trolls
  A salamander mystic (Snake:4)
  2 skeletal warriors (Depths:1)
  A skyshark (Lair:2)
  A quicksilver dragon simulacrum (Depths:1)
  A goliath frog (Shoals:2)
  A glowing orange brain (Vaults:3)
  2 flayed ghosts (Depths:2)
  2 deep elf archers
  2 naga ritualists
  A lindwurm (Vaults:4)
  3 wizards
  4 phantasmal warriors
  2 ironbound convokers
  9 harpies
  8 deep elf zephyrmancers
  2 orc knights (Orc:2)
  2 necromancers
  10 deep elf pyromancers
  19 ugly things
  6 cyclopes
  A mana viper (Snake:2)
  An orc sorcerer (Orc:2)
  9 manticores
  3 salamanders
  8 fauns
  Maurice (D:11)
  18 black mambas
  5 vault sentinels
  A water nymph (shapeshifter) (Vaults:3)
  9 merfolk sirens
  An elephant (Lair:2)
  7 naga magi
  An orange demon (Abyss:3)
  2 water nymphs
  4 cane toads
  6 rime drakes (IceCv)
  2 unseen horrors
  14 yaktaurs
  An efreet (D:13)
  An unseen horror (shapeshifter) (D:13)
  6 komodo dragons
  An ancient zyme (Abyss:2)
  A yaktaur skeleton (Vaults:1)
  17 merfolk
  A merfolk (shapeshifter) (Depths:3)
  2 polar bears (shapeshifter)
  2 hellwings
  10 polar bears
  2 harpy zombies (Shoals:4)
  2 wind drakes
  A hornet (Depths:1)
  2 trolls
  4 blink frogs
  A raiju (shapeshifter) (D:15)
  10 raiju
  9 dream sheep
  3 snapping turtles
  26 slime creatures
  A centaur simulacrum (D:15)
  10 water elementals
  4 spriggans
  A ynoxinul (Abyss:3)
  A shadow (D:11)
  A wraith (D:12)
  18 yaks
  A vampire (D:9)
  Sigmund (D:5)
  A fire elemental (Elf:3)
  6 humans (D:13)
  A chaos spawn (Abyss:2)
  7 golden eyes
  6 vampire mosquitoes
  A basilisk (D:15)
  2 small abominations (Abyss:3)
  A warg (Orc:1)
  A naga (shapeshifter) (Vaults:4)
  20 nagas
  11 water moccasins
  An ogre zombie (Vaults:1)
  A glowing shapeshifter skeleton (Depths:3)
  10 orc warriors
  6 ogres
  2 black bears (Lair:5)
  16 wolves
  A sky beast (D:5)
  8 boggarts
  2 centaurs (D:12)
  A kobold brigand (D:11)
  4 nameless horrors
  10 bullfrogs
  An earth elemental (Elf:1)
  A gnoll sergeant (D:10)
  2 scorpions (D:5)
  4 wights (Abyss:3)
  A hornet simulacrum (D:15)
  4 killer bees
  4 spriggan skeletons (D:14)
  An electric eel (Lair:1)
  3 quasits
  12 orc priests
  A gnoll bouda (D:7)
  7 iguanas
  8 orc wizards
  8 gnolls
  4 adders
  5 river rats
  A shadow imp (D:6)
  A white imp (D:6)
  An ufetubus (Abyss:2)
  A dart slug (D:4)
  40 orcs
  11 ball pythons
  6 bats
  3 bat zombies (Shoals:4)
  8 endoplasms
  5 giant cockroaches
  7 goblins
  6 hobgoblins
  2 jackals (D:3)
  A quokka (D:1)
  3 frilled lizards
  9 kobolds
  21 rats
865 creatures vanquished.

Vanquished Creatures (collateral kills)
  A juggernaut (Depths:2)
  Sojobo (Vaults:3)
  Margery (Depths:3)
  Bai Suzhen (Shoals:3)
  A caustic shrike (Depths:2)
  the Enchantress (Depths:4)
  Jory (Depths:3)
  A doom hound (Depths:4)
  2 liches (Depths:2)
  Rupert (Lair:3)
  The ghost of Duloamp the Alchemist, an adept OpTm of the Shining One (Elf:3)
  A walking crystal tome (Depths:3)
  Mlioglotl (Shoals:1)
  A deep elf master archer (Elf:3)
  A titan (Vaults:4)
  Grunn (Depths:4)
  Polyphemus (Shoals:2)
  A kraken (Shoals:4)
  10 acid blobs
  3 sphinxes
  5 tengu reavers
  A shadow dragon (Vaults:5)
  4 nagarajas
  Donald (Orc:2)
  8 rockslimes
  6 azure jellies
  3 fire giants
  Ilsuiw (Shoals:3)
  Aizul (Shoals:1)
  12 vault wardens
  5 deep elf sorcerers
  2 iron dragons
  Louise (Snake:2)
  5 frost giants
  A draconian shifter (Depths:4)
  An orc warlord (Vaults:3)
  A juggernaut zombie (Depths:2)
  2 deep elf elementalists (Elf:3)
  7 quicksilver oozes
  16 ironbound preservers
  2 spriggan defenders (Depths:4)
  2 vampire knights (Depths:3)
  7 ironbound thunderhulks
  4 war gargoyles
  11 very ugly things
  2 stone giants
  3 deep elf demonologists
  Azrael (Elf:1)
  A dire elephant (Vaults:1)
  A black draconian (Depths:4)
  14 spark wasps
  A red draconian (Depths:4)
  A white draconian (Depths:4)
  6 deep elf annihilators (Elf:3)
  Snorg (D:10)
  A blizzard demon (Depths:2)
  6 deep elf death magi
  6 merfolk javelineers
  3 ettins
  2 crystal guardians
  3 deep elf high priests
  9 merfolk impalers
  A fire dragon (Depths:4)
  An entropy weaver (Vaults:3)
  7 great orbs of eyes
  3 hydras
  Harold (Lair:2)
  2 spriggan air magi
  3 rakshasas
  4 yaktaur captains
  An ogre mage (Orc:1)
  2 catoblepae
  2 peacekeepers
  3 salamander tyrants
  A jorogumo (shapeshifter) (D:14)
  An alligator snapping turtle (Shoals:4)
  A demonspawn (Orc:2)
  An ice dragon (Depths:2)
  28 vault guards
  3 merfolk aquamancers (Shoals:4)
  A centaur warrior (D:14)
  2 anacondas (Snake:4)
  3 boulder beetles
  25 dancing weapons
  A satyr (shapeshifter) (Depths:2)
  3 death yaks
  7 ironbound frosthearts
  A satyr (Shoals:4)
  3 vampire magi
  4 deep troll earth magi
  7 two-headed ogres
  A deep troll shaman (Depths:1)
  3 shock serpents
  14 naga warriors
  6 orc high priests
  A tengu warrior (Depths:1)
  A hell hog (Depths:1)
  7 naga sharpshooters
  5 spriggan berserkers
  A thrashing horror (Abyss:3)
  2 storm dragon zombies
  8 hell knights
  9 deep elf knights
  3 salamander mystics
  A skeletal warrior (Depths:1)
  7 skysharks
  52 deep trolls
  2 iron trolls (Depths:3)
  A goliath frog (Shoals:2)
  9 sea snakes
  A flayed ghost (Abyss:3)
  A glowing orange brain (Depths:4)
  A sea snake (shapeshifter) (Elf:3)
  5 wizards
  A shadow dragon zombie (Depths:2)
  3 deep elf archers
  An orange crystal statue (IceCv)
  12 ironbound convokers
  4 lindwurms
  4 naga ritualists (Snake:4)
  9 phantasmal warriors
  4 orc knights
  10 harpies
  4 deep elf pyromancers
  4 mana vipers
  5 shining eyes
  3 necromancers
  7 deep elf zephyrmancers
  An iron dragon zombie (Depths:3)
  5 fauns
  4 orc sorcerers
  A tengu skeleton (Depths:3)
  7 salamanders
  41 ugly things
  11 manticores
  7 merfolk sirens
  A salamander (shapeshifter) (Elf:1)
  An elephant (shapeshifter) (D:15)
  2 guardian serpents (Snake:4)
  3 rust devils
  2 elephants (Lair:2)
  A black mamba (shapeshifter) (Elf:1)
  19 black mambas
  A gargoyle (D:11)
  A torpor snail (Lair:4)
  2 orange demons
  3 cane toads
  An apocalypse crab (Abyss:3)
  4 water nymphs
  9 vault sentinels
  4 rime drakes (IceCv)
  2 kobold demonologists (D:12)
  17 naga magi
  A human zombie (Vaults:1)
  6 yaktaurs
  4 freezing wraiths
  8 komodo dragons
  An efreet (D:13)
  A harpy zombie (Shoals:4)
  5 trolls
  A tengu conjurer (D:15)
  A spectral naga (Snake:2)
  4 wind drakes
  22 merfolk
  A queen bee (shapeshifter) (D:14)
  12 polar bears
  6 hornets
  5 snapping turtles
  A wind drake (shapeshifter) (Elf:1)
  Prince Ribbit (Bailey)
  4 dream sheep
  5 raiju
  4 blink frogs
  40 slime creatures
  An ettin skeleton (Vaults:1)
  36 yaks
  4 air elementals
  2 shadows (D:10)
  15 spriggans
  15 water elementals
  2 wraiths
  A vampire (D:11)
  2 large abominations (Abyss:3)
  3 wyverns
  17 humans
  3 golden eyes (Slime:5)
  4 basilisks
  3 fire elementals
  A neqoxec (Abyss:3)
  25 nagas
  A steam dragon (D:7)
  A vampire mosquito (D:6)
  3 wargs
  3 acid dragons
  4 hell hounds (Elf:1)
  7 water moccasins
  3 black bears (Lair:5)
  28 orc warriors
  4 small abominations
  An ettin simulacrum (Vaults:1)
  14 wolves
  4 centaurs
  9 ogres
  7 boggarts
  2 phantoms
  8 kobold brigands
  2 earth elementals (Elf:3)
  13 bullfrogs
  4 gnoll sergeants
  2 scorpions
  8 wights
  10 killer bees
  2 spriggan skeletons (D:14)
  7 nameless horrors
  A troll skeleton (D:14)
  A howler monkey (D:9)
  A hound (D:4)
  12 orc priests
  2 jellies (Lair:5)
  Jessica (D:2)
  Terence (D:2)
  5 iguanas
  6 hell rats (Lair:2)
  6 orc wizards
  5 adders
  15 gnolls
  2 river rats (Sewer)
  A white imp (D:8)
  54 orcs
  7 ball pythons
  An endoplasm (D:4)
  A giant cockroach (D:4)
  2 goblins
  3 hobgoblins
  2 frilled lizards
  18 kobolds
  13 rats (Sewer)
  A plant (Shoals:3)
  3 tentacles (Shoals:4)
1264 creatures vanquished.

Vanquished Creatures (others)
  6 eldritch tentacles
  A shadow dragon (Depths:4)
  An orc warlord (D:11)
  2 vault guards (Bailey)
  An ogre mage (D:12)
  A hydra (Lair:3)
  A centaur warrior (D:14)
  2 merfolk aquamancers
  3 elephants (Lair:2)
  A cane toad (Lair:3)
  A merfolk (Shoals:1)
  A wind drake (Shoals:1)
  2 blink frogs (Lair:4)
  6 yaks
  A fire elemental (Elf:1)
  5 orc warriors
  2 black bears
  An ice beast (D:5)
  A centaur (D:8)
  A wolf (Lair:3)
  A boggart (Vaults:1)
  A bullfrog (D:8)
  2 killer bees (D:10)
  2 orc priests (D:9)
  2 orcs
  2 bushes (Depths:4)
  20 fungi
  206 plants
  5 starspawn tentacles (Shoals:1)
  2 tentacles (Shoals:4)
283 creatures vanquished.

Grand Total: 2412 creatures vanquished

Notes
Turn   | Place    | Note
-------+----------+-------------------------------------------
     0 | D:1      | mopl the Merfolk Summoner began the quest for the Orb.
     0 | D:1      | Reached XP level 1. HP: 13/13 MP: 3/3
   135 | D:1      | Reached XP level 2. HP: 19/19 MP: 5/5
   144 | D:1      | Learned a level 2 spell: Call Imp
   735 | D:2      | Reached XP level 3. HP: 12/24 MP: 2/7
   799 | D:2      | Learned a level 3 spell: Call Canine Familiar
   858 | D:2      | Noticed Jessica
   867 | D:2      | Killed Jessica
   868 | D:2      | Reached skill level 3 in Spellcasting
   868 | D:2      | Reached XP level 4. HP: 30/30 MP: 1/8
   999 | D:2      | Learned a level 3 spell: Summon Guardian Golem
  1022 | D:2      | Noticed Terence
  1043 | D:2      | Killed Terence
  1044 | D:2      | Reached skill level 5 in Summonings
  1470 | D:2      | Reached XP level 5. HP: 35/35 MP: 10/10
  1531 | D:2      | Reached skill level 1 in Hexes
  1733 | D:3      | Found a snail-covered altar of Cheibriados.
  1885 | D:3      | Found a faded altar of an unknown god.
  2262 | D:3      | Found a faded altar of an unknown god.
  2266 | D:3      | Found a white marble altar of Elyvilon.
  2452 | D:4      | Noticed a phantom
  2498 | D:4      | Noticed an ogre
  2591 | D:4      | Learned a level 2 spell: Blink
  2772 | D:4      | Killed an ogre
  2773 | D:4      | Reached skill level 4 in Spellcasting
  2773 | D:4      | Reached skill level 2 in Hexes
  2773 | D:4      | Reached XP level 6. HP: 41/41 MP: 1/12
  3089 | D:4      | Found a large runed translucent door.
  3090 | D:4      | Found a large runed translucent door.
  3091 | D:4      | Found a shimmering altar of Xom.
  3160 | D:4      | Reached XP level 7. HP: 38/46 MP: 7/13
  3325 | D:5      | Entered Level 5 of the Dungeon
  3344 | D:5      | Reached skill level 3 in Hexes
  3344 | D:5      | Reached skill level 6 in Summonings
  3444 | D:5      | Learned a level 4 spell: Summon Lightning Spire
  3573 | D:5      | Found Renwab's Assorted Antiques.
  3596 | D:5      | Bought a brown potion for 14 gold pieces
  3596 | D:5      | Bought a flickering wooden ring for 80 gold pieces
  3596 | D:5      | Identified the ring "Naavur" {rElec rC+ rCorr Dex-2} (You
                  | bought it in a shop on level 5 of the Dungeon)
  3596 | D:5      | Bought a bubbling coppery potion for 14 gold pieces
  3596 | D:5      | Bought a scroll labelled LATEAK SERCHUN for 16 gold pieces
  3642 | D:5      | Found Parph's Armour Shoppe.
  3706 | D:5      | Found Umiy's Distillery.
  3726 | D:5      | Reached skill level 1 in Translocations
  3726 | D:5      | Reached skill level 1 in Air Magic
  3748 | D:5      | Reached skill level 1 in Shields
  3748 | D:5      | Reached skill level 5 in Spellcasting
  3766 | D:5      | Bought a potion of degeneration for 13 gold pieces
  3766 | D:5      | Bought a potion of curing for 39 gold pieces
  3774 | D:5      | Found a bloodstained altar of Trog.
  3786 | D:5      | Reached XP level 8. HP: 51/52 MP: 15/15
  3980 | D:5      | Noticed Sigmund
  3993 | D:5      | Killed Sigmund
  4073 | D:5      | Found Viapn's Magic Scroll Shop.
  4081 | D:5      | Bought a scroll of identify for 22 gold pieces
  4261 | D:6      | Found a glowing drain.
  4266 | D:6      | Reached skill level 2 in Shields
  4295 | Sewer    | Entered a sewer
  4403 | Sewer    | Reached skill level 2 in Air Magic
  4786 | Sewer    | Reached skill level 2 in Translocations
  4969 | Sewer    | Reached skill level 7 in Summonings
  5029 | D:6      | Identified the +1 leather armour of Femobb {rF+ rN+ Str-4}
  5070 | D:6      | Found a broken altar of Ashenzari.
  5392 | D:6      | Noticed a boulder beetle
  5398 | D:6      | Reached skill level 3 in Shields
  5441 | D:6      | Killed a boulder beetle
  5442 | D:6      | Reached skill level 4 in Shields
  5442 | D:6      | Reached skill level 6 in Spellcasting
  5442 | D:6      | Reached skill level 3 in Translocations
  5442 | D:6      | Reached skill level 3 in Air Magic
  5442 | D:6      | Reached XP level 9. HP: 57/57 MP: 5/18
  5586 | D:6      | Reached skill level 1 in Fighting
  5586 | D:6      | Reached skill level 1 in Polearms
  5586 | D:6      | Reached skill level 8 in Summonings
  5644 | D:6      | Found a blossoming altar of Fedhas.
  5662 | D:6      | Found a glowing silver altar of Zin.
  5789 | D:6      | Reached skill level 2 in Polearms
  5807 | D:6      | Reached skill level 5 in Shields
  6111 | D:5      | Bought a scroll of poison for 44 gold pieces
  6189 | D:7      | Found Cutwayppost's Jewellery Boutique.
  6257 | D:7      | Found a sparkling altar of Nemelex Xobeh.
  6283 | D:7      | Reached skill level 2 in Fighting
  6380 | D:7      | Reached skill level 3 in Polearms
  6737 | D:7      | Found a staircase to the Ecumenical Temple.
  6751 | Temple   | Entered the Ecumenical Temple
  6782 | Temple   | Became a worshipper of Sif Muna the Loreminder
  6830 | D:7      | Found Irriquo's Jewellery Shoppe.
  6851 | D:7      | Reached XP level 10. HP: 69/69 MP: 13/19
  7068 | D:5      | Bought a scroll of blinking for 82 gold pieces
  7191 | D:8      | Reached skill level 3 in Fighting
  7214 | D:8      | Reached skill level 1 in Invocations
  7330 | D:8      | Reached skill level 9 in Summonings
  7436 | D:8      | Reached * piety under Sif Muna
  7456 | D:8      | Reached skill level 4 in Polearms
  7508 | D:8      | Reached skill level 2 in Invocations
  7600 | D:8      | Learned a level 4 spell: Summon Ice Beast
  7674 | D:8      | Reached ** piety under Sif Muna
  7704 | D:8      | Reached skill level 1 in Ice Magic
  8171 | D:9      | Reached skill level 4 in Fighting
  8171 | D:9      | Reached skill level 6 in Shields
  8444 | D:9      | Reached skill level 3 in Invocations
  8526 | D:9      | Reached skill level 5 in Polearms
  8536 | D:9      | Reached skill level 2 in Ice Magic
  8718 | D:9      | Reached skill level 10 in Summonings
  8770 | D:9      | Found a radiant altar of Vehumet.
  8847 | D:9      | Reached *** piety under Sif Muna
  8848 | D:9      | Reached XP level 11. HP: 78/78 MP: 5/20
  9211 | D:10     | Entered Level 10 of the Dungeon
  9242 | D:10     | Noticed Snorg
  9253 | D:10     | Killed Snorg
  9254 | D:10     | Reached skill level 5 in Fighting
  9254 | D:10     | Reached skill level 3 in Ice Magic
  9254 | D:10     | Reached skill level 4 in Invocations
  9271 | D:10     | Found an iron altar of Okawaru.
  9291 | D:10     | Reached skill level 6 in Polearms
  9377 | D:10     | Found a flagged portal.
  9450 | Bailey   | Entered a bailey
  9479 | Bailey   | Reached **** piety under Sif Muna
  9501 | Bailey   | Reached skill level 7 in Shields
  9908 | Bailey   | Noticed a vault guard
  9908 | Bailey   | Noticed Prince Ribbit
  9924 | Bailey   | Killed Prince Ribbit
  9926 | Bailey   | Killed a vault guard
  9927 | Bailey   | Reached skill level 11 in Summonings
  9927 | Bailey   | Reached skill level 5 in Invocations
  9982 | Bailey   | Noticed a vault guard
 10006 | Bailey   | Killed a vault guard
 10007 | Bailey   | Reached skill level 6 in Fighting
 10007 | Bailey   | Reached skill level 7 in Polearms
 10508 | D:5      | Bought a scroll of vulnerability for 44 gold pieces
 10508 | D:5      | Bought a scroll of magic mapping for 82 gold pieces
 10616 | D:5      | Bought a potion of brilliance for 52 gold pieces
 11232 | D:11     | Reached XP level 12. HP: 89/89 MP: 10/21
 11352 | D:11     | Noticed Maurice
 11382 | D:11     | Killed Maurice
 11383 | D:11     | Reached skill level 6 in Invocations
 11497 | D:11     | Found a staircase to the Lair.
 11509 | D:11     | Reached skill level 8 in Polearms
 11547 | Lair:1   | Entered Level 1 of the Lair of Beasts
 11632 | Lair:1   | Identified the +6 mace "Gurib" {flame, rPois rN+ Dex-2}
 11691 | Lair:1   | Reached skill level 8 in Shields
 11886 | Lair:1   | Reached skill level 12 in Summonings
 11897 | Lair:1   | Reached ***** piety under Sif Muna
 11898 | Lair:1   | Reached skill level 7 in Fighting
 11926 | Lair:1   | Received a gift from Sif Muna
 11936 | Lair:1   | Got Sif Muna's Codex of Frost and Wounds {god gift}
 12620 | D:11     | Found a staircase to the Orcish Mines.
 12763 | Orc:1    | Entered Level 1 of the Orcish Mines
 12822 | Orc:1    | Noticed a two-headed ogre
 12823 | Orc:1    | Noticed a two-headed ogre
 12823 | Orc:1    | Noticed a two-headed ogre
 12823 | Orc:1    | Noticed a two-headed ogre
 12842 | Orc:1    | Noticed an ogre mage
 12854 | D:11     | Reached skill level 9 in Polearms
 13048 | D:11     | Killed a two-headed ogre
 13049 | D:11     | Reached skill level 7 in Invocations
 13174 | D:11     | Killed a two-headed ogre
 13179 | D:11     | Killed a two-headed ogre
 13360 | D:11     | Noticed a two-headed ogre
 13377 | D:11     | Killed a two-headed ogre
 13378 | D:11     | Reached XP level 13. HP: 58/98 MP: 14/22
 13724 | D:11     | Reached skill level 8 in Fighting
 13841 | Orc:1    | Reached skill level 9 in Shields
 13841 | Orc:1    | Reached skill level 13 in Summonings
 13860 | Orc:1    | Noticed an orc warlord
 14138 | D:11     | Killed an orc warlord
 14752 | D:5      | Bought a potion of heal wounds for 65 gold pieces
 14752 | D:5      | Bought a potion of haste for 130 gold pieces
 14752 | D:5      | Bought a potion of mutation for 104 gold pieces
 14761 | D:5      | Identified a scroll of acquirement
 14764 | D:5      | Acquired 653 gold pieces
 15123 | Lair:2   | Found a staircase to the Shoals.
 15133 | Lair:2   | Received a gift from Sif Muna
 15144 | Lair:2   | Got Sif Muna's Atlas of Bad Luck {god gift}
 15356 | Lair:2   | Reached skill level 10 in Polearms
 15483 | Lair:2   | You fall into a shaft and drop 2 floors!
 15517 | Lair:4   | Reached skill level 8 in Invocations
 15697 | Lair:4   | Reached skill level 3 in Dodging
 16430 | Lair:3   | Reached skill level 9 in Fighting
 16676 | Lair:2   | Received a gift from Sif Muna
 16677 | Lair:2   | Reached skill level 4 in Dodging
 16677 | Lair:2   | Got Sif Muna's Incunabulum of Concussion {god gift}
 16749 | Lair:2   | Noticed Nergalle
 16749 | Lair:2   | Noticed Harold
 16764 | Lair:2   | Killed Nergalle
 16766 | Lair:2   | Killed Harold
 16767 | Lair:2   | Reached skill level 14 in Summonings
 16804 | Lair:2   | Reached XP level 14. HP: 63/108 MP: 18/23
 17472 | Lair:3   | Found a runed translucent gate.
 17472 | Lair:3   | Found a runed translucent gate.
 17472 | Lair:3   | Found a runed translucent gate.
 17473 | Lair:3   | Noticed Huaprist's ghost (journeyman DEIE)
 17692 | Lair:3   | Reached skill level 11 in Polearms
 17692 | Lair:3   | Reached skill level 10 in Shields
 17730 | Lair:3   | Reached skill level 5 in Dodging
 17787 | Lair:3   | Found a staircase to the Snake Pit.
 17983 | Lair:3   | Noticed Rupert
 17996 | Lair:3   | Reached skill level 1 in Evocations
 18002 | Lair:3   | Killed Rupert
 18003 | Lair:3   | Reached skill level 9 in Invocations
 18300 | Lair:5   | Entered Level 5 of the Lair of Beasts
 18467 | Lair:5   | Received a gift from Sif Muna
 18491 | Lair:5   | Got Gafoibbe's Codex of Generative Blight {god gift}
 18547 | Lair:5   | Learned a level 6 spell: Summon Cactus Giant
 18583 | Lair:5   | Found a staircase to the Slime Pits.
 18583 | Lair:5   | Found a viscous altar of Jiyva.
 18643 | Lair:5   | Reached skill level 2 in Evocations
 18787 | Lair:5   | Reached skill level 6 in Dodging
 19119 | Lair:5   | Reached skill level 10 in Fighting
 19715 | Lair:5   | Reached skill level 3 in Evocations
 20090 | Orc:2    | Entered Level 2 of the Orcish Mines
 20188 | Orc:1    | Received a gift from Sif Muna
 20486 | Orc:2    | Found a staircase to the Elven Halls.
 20492 | Orc:2    | Noticed Donald
 20508 | Orc:2    | Killed Donald
 20509 | Orc:2    | Reached skill level 7 in Spellcasting
 20509 | Orc:2    | Reached XP level 15. HP: 105/115 MP: 7/25
 20510 | Orc:2    | Reached skill level 15 in Summonings
 20872 | Orc:2    | Found Wir Loesh's Magic Scroll Emporium.
 20895 | Orc:2    | Reached skill level 7 in Dodging
 20928 | Orc:2    | Found Yhaboumm's General Store.
 21086 | Orc:2    | Bought a scroll of identify for 26 gold pieces
 21088 | Orc:2    | Bought a scroll of fear for 56 gold pieces
 21088 | Orc:2    | Bought a scroll of teleportation for 42 gold pieces
 21088 | Orc:2    | Bought a scroll of enchant weapon for 105 gold pieces
 21088 | Orc:2    | Bought a scroll of enchant armour for 105 gold pieces
 21089 | Orc:2    | Bought a scroll of identify for 28 gold pieces
 21089 | Orc:2    | Bought 3 scrolls of blinking for 315 gold pieces
 21166 | Orc:2    | Reached skill level 12 in Polearms
 21739 | Orc:2    | Found Huaq Fazymi's Book Boutique.
 21739 | Orc:2    | Found Wuno's Antique Armour Shop.
 21770 | Orc:2    | Found a one-way gate leading to the halls of Pandemonium.
 22094 | D:12     | Received a gift from Sif Muna
 22095 | D:12     | Reached skill level 4 in Evocations
 22095 | D:12     | Got Miraot's Teachings on Grim Wanderlust {god gift}
 22159 | D:12     | Reached skill level 10 in Invocations
 22835 | D:13     | Reached skill level 8 in Dodging
 22960 | D:13     | Reached skill level 8 in Spellcasting
 23306 | D:13     | Found a gate to the Vaults.
 23354 | D:13     | Learned a level 5 spell: Summon Mana Viper
 23956 | D:14     | Received a gift from Sif Muna
 23957 | D:14     | Reached XP level 16. HP: 61/124 MP: 10/28
 23965 | D:14     | Got Sif Muna's Enchiridion on Vexing Thunder {god gift}
 24167 | D:14     | Reached skill level 9 in Dodging
 24506 | D:14     | Reached skill level 11 in Shields
 24602 | D:14     | Reached skill level 5 in Evocations
 24681 | D:14     | Reached skill level 11 in Fighting
 24889 | D:15     | Entered Level 15 of the Dungeon
 24898 | D:15     | Found Igest's Assorted Antiques.
 24909 | D:15     | Identified the ring of Midnight {Slay+4 SInv}
 25047 | D:15     | Noticed Nessos
 25054 | D:15     | Killed Nessos
 25251 | D:15     | Found a staircase to the Depths.
 25414 | D:15     | Reached skill level 13 in Polearms
 25567 | D:15     | Reached skill level 16 in Summonings
 25596 | D:15     | Reached skill level 4 in Hexes
 25670 | Abyss:2  | Cast into level 2 of the Abyss (a wizard)
 25698 | Abyss:2  | Found a corrupted altar of Lugonu.
 25706 | Abyss:2  | Reached skill level 9 in Spellcasting
 25836 | Abyss:2  | Reached skill level 10 in Dodging
 26077 | Abyss:3  | Found a corrupted altar of Lugonu.
 26136 | Abyss:3  | Received a gift from Sif Muna
 26412 | D:15     | Escaped the Abyss
 26599 | D:15     | Found a hazy altar of Hepliaklqana.
 27346 | Shoals:1 | Entered Level 1 of the Shoals
 27356 | Lair:2   | Reached skill level 11 in Invocations
 27899 | Shoals:1 | Noticed Aizul
 27915 | Shoals:1 | Reached XP level 17. HP: 32/131 MP: 30/30
 27930 | Shoals:1 | Killed Aizul
 27931 | Shoals:1 | Reached skill level 11 in Dodging
 28041 | Shoals:1 | Received a gift from Sif Muna
 28045 | Shoals:1 | Reached skill level 6 in Evocations
 28180 | Shoals:1 | Got Tuproubb's Tome of Summoned Necromancy {god gift}
 28608 | Shoals:1 | Reached skill level 5 in Hexes
 28896 | Shoals:2 | Noticed Polyphemus
 28972 | Shoals:2 | Noticed Mlioglotl
 29136 | Shoals:1 | Noticed a tentacled starspawn
 29234 | Shoals:1 | Killed Mlioglotl
 29681 | Shoals:2 | Reached skill level 10 in Spellcasting
 29761 | Shoals:2 | Noticed Nikola
 29778 | Shoals:2 | Killed Nikola
 29880 | Shoals:2 | Reached skill level 12 in Dodging
 30162 | Shoals:2 | Learned a level 7 spell: Summon Hydra
 30388 | Shoals:2 | Killed Polyphemus
 30984 | Shoals:3 | Noticed Bai Suzhen
 31029 | Shoals:3 | Received a gift from Sif Muna
 31030 | Shoals:3 | Got Sif Muna's Volume of the Entrancing Figure {god gift}
 31093 | Shoals:3 | Killed Bai Suzhen
 31094 | Shoals:3 | Reached skill level 14 in Polearms
 31127 | Shoals:3 | Reached skill level 12 in Fighting
 31375 | Shoals:3 | Reached skill level 4 in Translocations
 31548 | Shoals:3 | Noticed Ilsuiw
 31826 | Shoals:3 | Killed Ilsuiw
 31827 | Shoals:3 | Reached skill level 17 in Summonings
 31994 | Shoals:3 | Reached XP level 18. HP: 140/140 MP: 25/32
 32097 | Shoals:3 | Reached skill level 7 in Evocations
 32247 | Shoals:3 | Reached skill level 12 in Shields
 32486 | Shoals:4 | Entered Level 4 of the Shoals
 32619 | Shoals:3 | Reached skill level 13 in Dodging
 33094 | Shoals:4 | Reached skill level 11 in Spellcasting
 33375 | Shoals:4 | Identified the +0 pearl dragon scales "Keatavoe" {-Cast
                  | Harm rN+ Regen+ Str-4 Dex+2}
 33456 | Shoals:4 | Reached skill level 12 in Invocations
 33861 | Shoals:4 | Received a gift from Sif Muna
 33862 | Shoals:4 | Got Sif Muna's Precepts of Loathsome Trauma {god gift}
 34127 | Shoals:4 | Reached skill level 5 in Translocations
 34141 | Shoals:4 | Got a barnacled rune of Zot
 34524 | Elf:1    | Entered Level 1 of the Elven Halls
 34767 | Elf:1    | Paralysed by an air elemental for 1 turns
 35170 | Elf:1    | Reached skill level 8 in Evocations
 35339 | Elf:1    | Noticed Azrael
 35343 | Elf:1    | Killed Azrael
 35673 | Elf:2    | Paralysed by an air elemental for 1 turns
 35716 | Elf:2    | Noticed a Tzitzimitl
 35852 | Elf:2    | Reached XP level 19. HP: 146/146 MP: 28/34
 35904 | Elf:2    | Reached skill level 18 in Summonings
 35916 | Elf:2    | Reached skill level 12 in Spellcasting
 35957 | Elf:2    | Learned a level 7 spell: Monstrous Menagerie
 36122 | Elf:2    | Found a huge runed translucent gate.
 36122 | Elf:2    | Found a huge runed translucent gate.
 36122 | Elf:2    | Found a huge runed translucent gate.
 36134 | Elf:2    | Found a huge runed translucent gate.
 36134 | Elf:2    | Found a huge runed translucent gate.
 36465 | Elf:2    | Received a gift from Sif Muna
 36466 | Elf:2    | Got Sif Muna's Directory of the Dislocated Icicle {god
                  | gift}
 36893 | Elf:3    | Entered Level 3 of the Elven Halls
 36962 | Elf:3    | Found a frozen archway.
 37048 | IceCv    | Entered an ice cave
 37082 | IceCv    | Reached skill level 6 in Translocations
 37223 | IceCv    | Identified the +1 ice dragon scales of Mirth {rF- rC++
                  | Str+5 Dex-4}
 37503 | IceCv    | Reached skill level 13 in Shields
 37874 | IceCv    | Identified the +0 helmet "Rourol" {Will+ Int+3}
 37960 | IceCv    | Reached skill level 9 in Evocations
 38256 | Elf:3    | Found a runed translucent door.
 38257 | Elf:3    | Noticed Duloamp's ghost (adept OpTm)
 38275 | Elf:3    | Killed Duloamp's ghost
 38278 | Elf:3    | Identified the +1 helmet of Intense Mirth {Int+3 Stlth+}
 39169 | Elf:3    | Reached skill level 13 in Spellcasting
 39344 | Elf:3    | Identified the +5 ring mail of Pousuc {Will+}
 39433 | Elf:3    | Identified the +10 war axe of Meta Ikk {freeze, rPois Dex-2
                  | SInv}
 39503 | Elf:3    | Identified the ring of Edossithig {Will+ Int+3 Dex+3}
 39508 | Elf:3    | Identified the ring of Zunus {rN+ Will+ Int+6 Dex+3}
 39529 | Elf:3    | Received a gift from Sif Muna
 39725 | Elf:3    | Identified the +5 rapier "Osahos" {pain, *Noise rElec
                  | Dex+2}
 39798 | Elf:3    | Reached XP level 20. HP: 151/153 MP: 21/37
 39949 | Elf:3    | Reached skill level 19 in Summonings
 40149 | Elf:3    | Identified the +3 mace of Greatest Utility {elec, SInv}
 40208 | Elf:3    | Got the Excursus on Malevolent Liturgies and Wildfire
 40213 | Elf:3    | Identified the +0 scale mail "Seiq" {rCorr MP+9 Str-4
                  | Stlth+}
 40230 | Elf:3    | Got the Quarto of the Toadstool
 40232 | Elf:3    | Identified the +2 shortbow "Coxisoyf" {heavy, rC++ Int+3
                  | Dex+2}
 40288 | Elf:3    | Found the +3 pair of mountain boots {steadfast, rC+}
 40608 | Snake:1  | Entered Level 1 of the Snake Pit
 40676 | Snake:1  | Noticed a hellephant
 40709 | Snake:1  | Found a transporter.
 40729 | Snake:1  | Found a transporter.
 41090 | Snake:1  | Reached skill level 7 in Translocations
 42288 | Snake:2  | Noticed Louise
 42318 | Snake:2  | Killed Louise
 42514 | Snake:2  | Received a gift from Sif Muna
 42517 | Snake:2  | Got Sif Muna's Elucidation of Gelid Exhumation {god gift}
 42615 | Snake:2  | Reached skill level 10 in Evocations
 42632 | Snake:2  | Found Epotwuy's Antique Armour Emporium.
 42632 | Snake:2  | Found Paotot's Assorted Antiques.
 43951 | Snake:4  | Entered Level 4 of the Snake Pit
 44253 | Snake:4  | Reached skill level 14 in Spellcasting
 44519 | Snake:4  | Learned a level 5 spell: Summon Forest
 44541 | Snake:4  | Identified the +1 spear "Memeg" {antimagic, Drain rElec
                  | rC++ rCorr}
 45120 | Snake:4  | Reached skill level 14 in Shields
 45668 | Snake:4  | Received a gift from Sif Muna
 45819 | Snake:4  | Reached XP level 21. HP: 154/159 MP: 25/39
 45837 | Snake:4  | Got a serpentine rune of Zot
 45873 | Snake:4  | Reached skill level 20 in Summonings
 46137 | Snake:1  | Noticed rlgrobin's ghost (journeyman MeFi)
 46399 | Slime:1  | Entered Level 1 of the Pits of Slime
 46472 | Lair:5   | Reached skill level 8 in Translocations
 47072 | Slime:4  | Reached skill level 15 in Spellcasting
 47098 | Slime:5  | Entered Level 5 of the Pits of Slime
 47108 | Slime:5  | Paralysed by a Zot trap for 5 turns
 47154 | Slime:5  | Gained mutation: You occasionally shout uncontrollably at
                  | your foes. [a shining eye]
 47314 | Slime:4  | Gained mutation: Your spells are a little easier to cast,
                  | but a little less powerful. [a shining eye]
 47425 | Slime:5  | Received a gift from Sif Muna
 47426 | Slime:5  | Got Sif Muna's Octavo of Allies {god gift}
 47747 | Slime:5  | Noticed the Royal Jelly
 48066 | Slime:5  | Found a viscous altar of Jiyva.
 48068 | Slime:5  | Found the +6 Majin-Bo {spellvamp, MP+6 Int+6}
 48068 | Slime:5  | Found the +7 great mace "Undeadhunter" {deathbane, rN+}
 48215 | Slime:5  | Killed the Royal Jelly
 48222 | Slime:5  | HP: 3/159 [rockslime[the Royal Jelly] (26)]
 48872 | Slime:5  | Identified the ring "Ynikh" {rElec rF++ MP+9}
 48896 | Slime:5  | Identified the ring "Tupuepny" {Str+4 Dex+6 Stlth+}
 48912 | Slime:5  | Lost mutation: You occasionally shout uncontrollably at
                  | your foes. [potion of mutation]
 48912 | Slime:5  | Lost mutation: Your spells are a little easier to cast, but
                  | a little less powerful. [potion of mutation]
 48912 | Slime:5  | Gained mutation: You are dopey. (Int -2) [potion of
                  | mutation]
 48912 | Slime:5  | Gained mutation: You have a pair of small antennae on your
                  | head. [potion of mutation]
 48912 | Slime:5  | Gained mutation: You are frail. (-10% HP) [potion of
                  | mutation]
 48923 | Slime:5  | Got a slimy rune of Zot
 49140 | Lair:1   | Lost mutation: You have a pair of small antennae on your
                  | head. [potion of mutation]
 49140 | Lair:1   | Lost mutation: You are dopey. (Int -2) [potion of mutation]
 49140 | Lair:1   | Lost mutation: You are frail. (-10% HP) [potion of
                  | mutation]
 49140 | Lair:1   | Gained mutation: You passively map a small area around you.
                  | [potion of mutation]
 49140 | Lair:1   | Gained mutation: Your muscles are strong. (Str +4, Int/Dex
                  | -1) [potion of mutation]
 49243 | Vaults:1 | Entered Level 1 of the Vaults
 50019 | Vaults:1 | Reached skill level 9 in Translocations
 50070 | Vaults:1 | Acquired 1094 gold pieces
 50109 | Vaults:1 | Identified the +5 rapier "Dragonslayer" {pain, Dex+3}
 50117 | Vaults:1 | Reached skill level 21 in Summonings
 50124 | Vaults:1 | Reached XP level 22. HP: 151/165 MP: 10/41
 50189 | Vaults:1 | Reached skill level 15 in Shields
 50382 | Vaults:1 | Reached skill level 16 in Spellcasting
 50757 | Vaults:2 | Learned a level 7 spell: Malign Gateway
 50777 | Vaults:2 | Received a gift from Sif Muna
 50778 | Vaults:2 | Got Sif Muna's Folio of Combined Points {god gift}
 51041 | Vaults:2 | Reached skill level 1 in Armour
 51957 | Vaults:2 | Reached skill level 2 in Armour
 52372 | Vaults:3 | Found Fuxiod's Antique Weapon Emporium.
 52386 | Vaults:3 | Reached skill level 14 in Dodging
 52574 | Vaults:3 | Received a gift from Sif Muna
 52627 | Vaults:3 | Noticed Sojobo
 52640 | Vaults:3 | Killed Sojobo
 53470 | Vaults:3 | Reached XP level 23. HP: 174/174 MP: 19/43
 53609 | Vaults:3 | Reached skill level 3 in Armour
 53817 | Vaults:3 | Found a staircase to the Crypt.
 53947 | Vaults:3 | Reached skill level 15 in Dodging
 53963 | Vaults:3 | Reached skill level 13 in Fighting
 54028 | Vaults:3 | Received a gift from Sif Muna
 54029 | Vaults:3 | Reached skill level 17 in Spellcasting
 54037 | Vaults:3 | Got Oliheg's Monograph on Excruciating Beckoning {god gift}
 54528 | Snake:2  | Bought a pair of embroidered boots for 247 gold pieces
 54528 | Snake:2  | Bought the +3 pair of gauntlets of War {Slay+5} for 1567
                  | gold pieces
 54528 | Snake:2  | Found the +3 pair of gauntlets of War {Slay+5}
 55482 | Vaults:4 | Reached skill level 22 in Summonings
 55515 | Vaults:4 | Reached skill level 10 in Translocations
 56536 | Vaults:4 | Found the +3 greatsling "Punk" {acid, rCorr}
 56552 | Vaults:4 | Got the Incunable of the Cockroach
 56556 | Vaults:4 | Got the Handbook of the Evil Eye
 56576 | Vaults:4 | Reached skill level 4 in Armour
 56687 | Vaults:4 | Identified the +10 flail "Idehocin" {flame, rF+}
 56797 | Vaults:5 | Entered Level 5 of the Vaults
 56956 | Vaults:4 | Reached skill level 16 in Dodging
 57443 | Depths:1 | Entered Level 1 of the Depths
 57443 | Depths:1 | Found a shadowy altar of Dithmenos.
 57991 | Depths:1 | Received a gift from Sif Muna
 58637 | Depths:1 | Found a one-way gate to the infinite horrors of the Abyss.
 58657 | Depths:1 | Found Vophezua's General Store.
 58661 | Depths:1 | Found Ustu's Antique Weapon Emporium.
 58665 | Depths:1 | Bought 2 potions of curing for 114 gold pieces
 58665 | Depths:1 | Bought a potion of heal wounds for 95 gold pieces
 58665 | Depths:1 | Bought a potion of curing for 57 gold pieces
 58889 | Depths:1 | Found a gateway to Hell.
 59197 | Depths:2 | Reached XP level 24. HP: 165/184 MP: 35/44
 59425 | Depths:2 | Found Zauf's Armour Emporium.
 59504 | Depths:1 | Received a gift from Sif Muna
 59719 | Depths:2 | Found a one-way gateway to a ziggurat.
 59909 | Depths:2 | Reached skill level 18 in Spellcasting
 59998 | Depths:2 | Reached skill level 14 in Fighting
 60146 | Depths:2 | Reached skill level 5 in Armour
 60870 | Depths:2 | Noticed a juggernaut
 60871 | Depths:2 | Noticed a caustic shrike
 60883 | Depths:2 | Killed a caustic shrike
 60904 | Depths:2 | Killed a juggernaut
 61069 | Depths:2 | Reached skill level 23 in Summonings
 61145 | Depths:2 | Reached skill level 17 in Dodging
 61403 | Depths:3 | Noticed Margery
 61419 | Depths:3 | Received a gift from Sif Muna
 61420 | Depths:3 | Got Sif Muna's Opusculum on the Bright Gathering {god gift}
 61437 | Depths:3 | HP: 8/185 [Margery/bolt of fire (20)]
 61445 | Depths:3 | Reached skill level 11 in Evocations
 61595 | Depths:3 | Killed Margery
 61832 | Depths:3 | Noticed Jory
 61905 | Depths:3 | Killed Jory
 62529 | Depths:3 | Paralysed by a vampire knight for 3 turns
 63206 | Depths:3 | Found a shimmering altar of Xom.
 63209 | Depths:3 | Found an ancient bone altar of Kikubaaqudgha.
 63209 | Depths:3 | Found a hide-covered altar of Uskayaw.
 63211 | Depths:3 | Found a radiant altar of Vehumet.
 63211 | Depths:3 | Found a shimmering altar of Xom.
 63211 | Depths:3 | Found a hide-covered altar of Uskayaw.
 63264 | Depths:4 | Entered Level 4 of the Depths
 63274 | Depths:3 | Received a gift from Sif Muna
 63375 | Depths:3 | Reached skill level 18 in Dodging
 63375 | Depths:3 | Reached XP level 25. HP: 48/193 MP: 14/45
 63523 | Depths:4 | Reached skill level 6 in Armour
 63967 | Depths:4 | Found a gate to the Realm of Zot.
 64214 | Depths:4 | Noticed Grunn
 64215 | Depths:4 | Found a corrupted altar of Lugonu.
 64222 | Depths:4 | Killed Grunn
 64474 | Depths:4 | Noticed the Enchantress
 64507 | Depths:4 | Killed the Enchantress
 64508 | Depths:4 | Reached skill level 19 in Spellcasting
 64571 | Depths:4 | Noticed Boris
 64593 | Depths:4 | Killed Boris
 64836 | Depths:4 | Reached skill level 15 in Fighting
 64869 | Depths:4 | Found Tuenuank's Book Shoppe.
 64870 | Depths:4 | Found Hiovvob's Jewellery Shop.
 64871 | Depths:4 | Found Liruorch's Book Shoppe.
 65300 | Depths:4 | Learned a level 9 spell: Dragon's Call
 65864 | Vaults:5 | Noticed an ancient lich
 65867 | Vaults:5 | Killed from afar by a titan

Illustrated notes

Levels and vault maps discovered:
D:1:      co_arrival_square_in_a_square_in_a_square, layout_loops_ring
D:2:      layout_loops_ring, nrook_mini_backslash, kennysheep_another_room,
          chequers_arboretum, uniq_jessica, uniq_terence
D:3:      layout_rooms, mainiacjoe_overflow_cross_hatched,
          nicolae_overflow_ecumenical_swirl, basic_ecumenical_altar,
          kennysheep_cluttered_room, serial_bayou_crossing
D:4:      due_chaos_kobolds, layout_loops_ring, hangedman_decor_push
D:5:      layout_basic, mainiacjoe_overflow_alcove_2, serial_shops, shop,
          nicolae_shop_waterfront, shop_fountains, shop_scrolls, uniq_sigmund
D:6:      layout_basic, lemuel_crystal_altar, lemuel_crystal_altar,
          nicolae_ashenzari_skybound, cheibrodos_sewer_entry_sluice,
          serial_bayou_pond_e, kb_rosetta
D:7:      cheibrodos_quashed, layout_gridville, nemelex_spade_bored_becter,
          minmay_temple_entry_steel_oval, serial_shops, shop, shop_statue
D:8:      layout_rooms, serial_glass, glass_columns_b, glass_columns_a,
          special_room [special_room_orc], kennysheep_generic_room_14
D:9:      layout_irregular_city, nicolae_vehumet_altar_sigil, grunt_ministairs_8
D:10:     layout_basic, mainiacjoe_overflow_surrounded_room, enter_bailey_5,
          uniq_snorg
D:11:     layout_rooms, lair_entry_dummy,
          kennysheep_orc_monster_closet_entryway, lemuel_flame_loot_1,
          uniq_maurice
D:12:     layout_rooms
D:13:     layout_rooms, grunt_vaults_entry_tiered, minivault_27
D:14:     layout_roguey, st_stairs_2, hangedman_tell_no_tales
D:15:     gammafunk_enter_depths_forms, layout_loops_corners,
          nicolae_hepliaklqana_hazy_memory, serial_shops, nicolae_square_shop,
          uniq_nessos
Temple:   compressed_dpeg_triangle_lava_temple
Lair:1:   layout_cave_pods, serial_bayou_shore_a
Lair:2:   layout_roguey, nicolae_shoals_entry_roost,
          chequers_serial_rivers_micro_e, serial_bayou_shore_b,
          grunt_megastairs_3, uniq_harold, uniq_nergalle
Lair:3:   beast_lair_carwin_large_4, layout_gridlike,
          nicolae_snake_entry_squirm, gammafunk_ghost_necromancy, uniq_rupert
Lair:4:   layout_cave_pods, grunt_megastairs_5
Lair:5:   minmay_lair_end_enchanted_forest, layout_long_grid,
          minmay_slime_entry_pillars, nicolae_lair_yak_garden
Shoals:1: layout_shoals, nicolae_shoals_water_elemental_grotto, uniq_aizul
Shoals:2: layout_shoals, nicolae_shoals_goliath_grotto, uniq_polyphemus,
          uniq_nikola, uniq_mlioglotl
Shoals:3: layout_shoals, nicolae_shoals_mertower, uniq_ilsuiw, uniq_bai_suzhen
Shoals:4: shoals_end_simple, layout_shoals, nicolae_shoals_undead_eyrie
Snake:1:  layout_misc_corridors, gammafunk_ghost_abyssal_escape,
          nicolae_snake_double_loop, st_stairs_1
Snake:2:  layout_chambers, nicolae_snake_ghostly_warrior_ritual,
          minmay_shoptagon, grunt_megastairs_1, uniq_louise
Snake:3:  layout_cave_pods, serial_bayou_shore_b
Snake:4:  snake_pit, layout_onion
Slime:1:  layout_caves, special_room [special_room_jelly]
Slime:2:  layout_caves
Slime:3:  layout_caves
Slime:4:  layout_caves, basic_altar
Slime:5
Orc:1:    layout_caves
Orc:2:    pf_orc_diabolical, layout_diamond_mine, uniq_donald
Elf:1:    eino_elf_arrival_the_gate, layout_onion_city, evilmike_minifort,
          uniq_azrael
Elf:2:    elven_hall_of_blades_hangedman_alternative
          [mumra_blade_entry_bloodbath], layout_loops_cross
Elf:3:    grunt_elf_hall_diamonds, layout_onion_city, gammafunk_ghost_grave,
          portal_ice_cave_entry_ugly_swarm, grunt_ministairs_2
Vaults:1: v_misc_19, vaults_room_door_ring, vaults_room_grunt_arrival_ludios,
          v_pattern_2, v_misc_4, v_misc_8, vaults_room_pools,
          vaults_mumra_chevron_long, vaults_dpeg_ring, layout_vaults_quadrants
Vaults:2: vaults_room_boxed, nicolae_vaults_alarming, vaults_room_pool,
          v_rooms_4, vaults_standard_mumra_lines, v_misc_2,
          ontoclasm_vaults_misaligned, ontoclasm_vaults_shout,
          vaults_dpeg_hooks, v_misc_27, vaults_room_octagon,
          layout_vaults_omnicross
Vaults:3: grunt_vaults_diagonal, v_misc_11, v_alt_pattern_2,
          ontoclasm_vaults_loading_screen, v_alt_pattern_1, v_misc_4,
          vaults_dpeg_diagonal, vaults_dpeg_spiral, vaults_room_pool,
          ontoclasm_vaults_loading_screen, minmay_crypt_entry_simple_box,
          nicolae_vaults_border_crossing, layout_vaults_big_room, serial_shops,
          shop_statue, uniq_sojobo
Vaults:4: st_greater_box_5, v_misc_8, vaults_mumra_lcd,
          nicolae_vaults_hallways_thing, vaults_room_fancy_cross, v_misc_17,
          vaults_room_stairs_pillars, vaults_dpeg_doors,
          nicolae_vaults_little_squares_2, v_alt_pattern_6, grunt_vaults_funnel,
          hangedman_vaults_snaps, v_misc_30, ontoclasm_vaults_ring_small,
          nicolae_vaults_mini_display_case, layout_vaults_maze
Vaults:5
Depths:1: layout_cave_pools, abyss_entry, grunt_mini_vestibule,
          roderic_filled_cross, grunt_dithmenos_smoke, minmay_shop_star
Depths:2: little_maze_vault, layout_honeycomb, enter_ziggurat_c, pan_entry,
          serial_shops, shop, hangedman_coc_ice_floe, nicolae_fountain_basement
Depths:3: minmay_dotted_concentric_squares, layout_basic, doesnt_xom_only_xom,
          hell_entry, nicolae_abyss_entry_one_way_or_another,
          chequers_serial_rivers_small_a, infiniplex_staircase_pool_2,
          uniq_jory, uniq_margery
Depths:4: grunt_crosshair, layout_gridlike, pf_hell_entry_tar_spiral,
          abyss_entry_flame_altar, minmay_large_rounded_square,
          minmay_shop_grove, serial_bayou_shore_b, uniq_enchantress, uniq_boris,
          uniq_grunn

Skill      XL: |  1  2  3  4  5  6  7  8  9 10 11 12 13 14 15 16 17 18 19 20 21 22 23 24 25 |
---------------+----------------------------------------------------------------------------+-----
Spellcasting   | 3 4 5 6 7 8 9 10 11 13 14 15 16 17 18 19 | 19.2
Summonings     | 5 6 7 8 10 11 12 14 15 16 17 18 19 21 22 23 | 23.8
Hexes          | 2 3 4 5 |  5.0
Translocations | 1 3 4 5 6 7 9 10 | 10.0
Air Magic      | 1 3 |  3.0
Shields        | 1 4 5 6 7 8 9 10 11 12 13 14 15 | 15.0
Fighting       | 2 4 6 7 9 10 11 12 13 14 15 | 15.0
Polearms       | 3 5 7 9 10 11 12 13 14 | 14.0
Invocations    | 3 5 7 8 9 10 11 12 | 12.0
Ice Magic      | 2 3 |  3.0
Dodging        | 4 6 8 10 12 13 14 16 18 | 18.2
Evocations     | 3 4 5 6 8 9 10 11 | 11.9
Armour         | 2 4 5 6 |  6.6
Stealth        | |  2.1

Action                     |  1- 3 |  4- 6 |  7- 9 | 10-12 | 13-15 | 16-18 | 19-21 | 22-24 | 25-27 || total
---------------------------+-------+-------+-------+-------+-------+-------+-------+-------+-------++-------
  Melee: Unarmed           |     7 |       |       |       |       |       |       |       |       ||     7
         Dagger            |    94 |   207 |    47 |       |       |       |       |       |       ||   348
         Punch             |       |     3 |     1 |     3 |       |       |       |       |       ||     7
         Tailslap          |       |     1 |     6 |     3 |       |    23 |     1 |       |       ||    34
         Trident           |       |       |   217 |   499 |   911 |   941 |       |       |       ||  2568
         Demon trident     |       |       |       |       |       |   236 |  1254 |  1207 |   171 ||  2868
  Throw: Boomerang         |       |     2 |       |       |       |       |       |       |       ||     2
   Cast: Summon Small Mamm |     4 |     7 |       |     2 |       |       |       |       |       ||    13
         Call Imp          |     1 |     7 |     6 |     2 |       |       |       |       |       ||    16
         Call Canine Famil |     1 |    13 |    36 |    64 |    80 |    60 |     5 |     9 |       ||   268
         Summon Guardian G |       |     3 |    13 |    19 |    18 |     3 |       |       |       ||    56
         Summon Lightning  |       |       |     5 |    30 |    22 |     3 |       |       |       ||    60
         Blink             |       |       |     2 |     2 |     4 |     4 |     8 |    14 |     1 ||    35
         Summon Ice Beast  |       |       |       |    42 |    46 |    30 |     2 |     1 |       ||   121
         Summon Cactus Gia |       |       |       |       |    64 |   146 |   130 |    97 |    18 ||   455
         Summon Mana Viper |       |       |       |       |     1 |     5 |     1 |    10 |       ||    17
         Summon Hydra      |       |       |       |       |       |    36 |   131 |   194 |    25 ||   386
         Malign Gateway    |       |       |       |       |       |     2 |       |     4 |       ||     6
         Monstrous Menager |       |       |       |       |       |       |    39 |    16 |     2 ||    57
         Summon Forest     |       |       |       |       |       |       |       |     3 |       ||     3
         Dragon's Call     |       |       |       |       |       |       |       |       |     1 ||     1
 Invoke: Channel Magic     |       |       |       |     3 |     4 |     7 |     8 |     7 |     1 ||    30
         Divine Exegesis   |       |       |       |       |       |     2 |       |       |       ||     2
  Evoke: Wand              |       |       |       |       |     3 |     4 |     3 |     8 |       ||    18
         Tin of tremorston |       |       |       |       |     2 |       |       |       |       ||     2
         Condenser vane    |       |       |       |       |     1 |     3 |     2 |       |       ||     6
         Lightning rod     |       |       |       |       |       |     1 |       |       |       ||     1
         Box of beasts     |       |       |       |       |       |       |     1 |       |       ||     1
         Phantom mirror    |       |       |       |       |       |       |     1 |       |       ||     1
    Use: Scroll            |       |       |       |     1 |    20 |     7 |     9 |     9 |     7 ||    53
         Potion            |       |       |       |       |       |     4 |     7 |     5 |     3 ||    19
   Stab: Sleeping          |     2 |     6 |     2 |     2 |     3 |     8 |     2 |     3 |       ||    28
         Distracted        |       |       |     4 |    11 |     9 |     9 |    20 |    22 |     8 ||    83
         Petrified         |       |       |       |       |     1 |     3 |       |       |       ||     4
         Confused          |       |       |       |       |       |     1 |       |       |       ||     1
 Armour: Robe              |    17 |    32 |    58 |   146 |   173 |   198 |   178 |   137 |    13 ||   952
         Acid dragon scale |       |       |       |       |       |       |       |       |    15 ||    15
  Dodge: Dodged            |    41 |   107 |   199 |   249 |   292 |   669 |   484 |   457 |    77 ||  2575
         Repelled          |       |       |       |       |     4 |     6 |       |       |       ||    10
  Block: Buckler           |       |       |       |    22 |       |       |       |       |       ||    22
         Kite shield       |       |       |       |    87 |   373 |   593 |   540 |   584 |    87 ||  2264
         Reflection        |       |       |       |       |    15 |    48 |    70 |    39 |     3 ||   175

Table legend: (Time is in decaauts)
 A = Elapsed time spent in this place.
 B = Non-inter-level travel time spent in this place.
 C = Inter-level travel time spent in this place.
 D = Time resting spent in this place.
 E = Time spent auto-exploring this place.
 F = Levels seen in this place.
 G = Mean time per level.
                   A        B        C        D        E       F      G
               +--------+--------+--------+--------+--------+-----+--------+
         Total |  63481 |  56570 |   6911 |  13692 |  23099 |  53 | 1197.8 |
       Dungeon |  18017 |  15052 |   2965 |   3019 |   7450 |  15 | 1201.1 |
        Temple |     40 |     31 |      9 |      0 |     14 |   1 |   40.0 |
          Lair |   7507 |   6012 |   1495 |   1001 |   3292 |   5 | 1501.4 |
        Shoals |   5464 |   5196 |    268 |   1368 |   1138 |   4 | 1366.0 |
     Snake Pit |   5489 |   5176 |    313 |   1086 |   2717 |   4 | 1372.2 |
    Slime Pits |   2344 |   2252 |     92 |   1305 |     36 |   5 |  468.8 |
  Orcish Mines |   2490 |   2278 |    212 |    507 |    939 |   2 | 1245.0 |
   Elven Halls |   4767 |   4424 |    343 |    990 |   1784 |   3 | 1589.0 |
        Vaults |   7181 |   6358 |    823 |   1296 |   2902 |   5 | 1436.2 |
        Depths |   6979 |   6593 |    386 |   1772 |   2484 |   4 | 1744.8 |
         Abyss |    700 |    700 |      0 |    168 |     79 |   2 |  350.0 |
         Sewer |    689 |    689 |      0 |    307 |     84 |   1 |  689.0 |
        Bailey |    689 |    689 |      0 |    406 |      6 |   1 |  689.0 |
      Ice Cave |   1120 |   1120 |      0 |    465 |    170 |   1 | 1120.0 |
               +--------+--------+--------+--------+--------+-----+--------+

Top non-repeatable levels by time:
Depths:2: 2467 daAuts
    D:11: 2438 daAuts
   Elf:3: 2263 daAuts
    D:15: 2130 daAuts
Vaults:4: 1935 daAuts
Vaults:2: 1845 daAuts
   Orc:2: 1824 daAuts
 Snake:4: 1786 daAuts
  Lair:2: 1762 daAuts
Vaults:3: 1712 daAuts
  Lair:5: 1708 daAuts
  Lair:1: 1697 daAuts
 Snake:2: 1669 daAuts
Vaults:1: 1666 daAuts
Depths:3: 1625 daAuts
